 Dungeon Crawl Stone Soup version 0.23.1 (webtiles) character file.

Game seed: 15549280700874448177

280 Giel the Skirmisher (level 6, -9/55 HPs)
             Began as a Hill Orc Monk on Mar 18, 2019.
             Was a Believer of Beogh.
             Killed by divine providence
             ... invoked by an orc priest
              (12 damage)
             ... on level 4 of the Dungeon.
             The game lasted 00:12:09 (2982 turns).

Giel the Skirmisher (Hill Orc Monk)                 Turns: 2982, Time: 00:12:11

Health: -9/55      AC:  9    Str: 16    XL:     6   Next: 27%
Magic:  6/6        EV:  8    Int: 10    God:    Beogh [**....]
Gold:   101        SH:  0    Dex: 13    Spells: 5/5 levels left

rFire    x . .     SeeInvis .   q - +0 halberd
rCold    + . .     Gourm    .   (shield currently unavailable)
rNeg     . . .     Faith    .   f - +0 chain mail
rPois    .         Spirit   .   (no helmet)
rElec    .         Reflect  .   (no cloak)
rCorr    .         Harm     .   (no gloves)
MR       .....                  l - +0 pair of boots
Stlth    ..........             (no amulet)
HPRegen  0.18/turn              k - ring of ice
MPRegen  0.10/turn              h - ring of stealth

@: no status effects
A: no striking features
a: Smiting, Renounce Religion


You were on level 4 of the Dungeon.
You worshipped Beogh.
Beogh was pleased with you.
You were not hungry.

You visited 1 branch of the dungeon, and saw 4 of its levels.

You collected 101 gold pieces.

Inventory:

Hand Weapons
 a - a +0 spear
 q - a +0 halberd (weapon)
 r - a +2 hunting sling of freezing
Missiles
 s - 15 sling bullets
Armour
 b - a +0 robe
 f - a +0 chain mail (worn)
 l - a +0 pair of boots (worn)
Jewellery
 h - a ring of stealth (right hand)
 k - a ring of ice (left hand)
Wands
 e - a wand of flame (11)
Scrolls
 g - 3 scrolls of teleportation {unknown}
 j - 6 scrolls of identify {unknown}
 m - 2 scrolls of remove curse {unknown}
 n - 2 scrolls of blinking {unknown}
 p - a scroll of amnesia {unknown}
 t - a scroll of immolation {unknown}
Potions
 d - a potion of resistance {unknown}
 i - a potion of heal wounds
 o - 2 potions of haste {unknown}
 u - a potion of flight {unknown}
 v - a potion of might {unknown}
Comestibles
 c - 4 rations


   Skills:
 + Level 4.8 Fighting
 + Level 4.6 Polearms
 + Level 2.4 Armour
 + Level 3.3 Dodging
 + Level 2.8 Stealth


You had 5 spell levels left.
You didn't know any spells.
Your spell library contained the following spells:

 Spells                   Type           Power        Failure   Level  Hunger
 Animate Skeleton         Necr           N/A          100%        1    ##.....
 Apportation              Tloc           #.....       100%        1    ##.....
 Confusing Touch          Hex            #.....       100%        1    ##.....
 Summon Small Mammal      Summ           #...         100%        1    ##.....


Dungeon Overview and Level Annotations

Branches:
Dungeon (4/15)
 Temple: D:4-7

Altars:
Qazlal


Message History

The orc hits you but does no damage.
The orc priest invokes the aid of Beogh against you.
Beogh smites you!
* * * LOW HITPOINT WARNING * * *
You are too injured to fight recklessly!
You are too injured to fight recklessly!
You are too injured to fight recklessly!
You are too injured to fight recklessly!
You are too injured to fight recklessly!
You impale the giant cockroach!!
You kill the giant cockroach!
Beogh accepts your kill. The orc closely misses you.
You closely miss the orc. The orc hits you but does no damage.
The orc hits you with a cursed +0 flail.
* * * LOW HITPOINT WARNING * * *
The orc priest mumbles some strange prayers to Beogh against you.
Beogh smites you!
You die...
Beogh appreciates the orc priest's killing of a heretic priest.

..........# ...........
........(.# ............ .
#....##..##.............
..#.....##..#............#
..................
.................
#.#>............
#...............
#....?>@........
##.##.ooo.......
##.............
#....)).......
#...............
.....####....w.. .....
...>.## ...#. ......# .#.
.......


You could see a worm, an orc priest and 2 orcs.

Vanquished Creatures
  Jessica (D:3)
  Natasha (D:3)
  Ijyb (D:3)
  A worker ant (D:4)
  Robin (D:3)
  4 gnolls (D:2)
  6 adders
  A worm (D:2)
  2 dart slugs
  A leopard gecko (D:3)
  4 orcs
  5 giant cockroaches
  20 goblins
  3 hobgoblins
  2 jackals (D:2)
  3 quokkas
  3 bats
  2 frilled lizards
  8 kobolds
  3 rats
72 creatures vanquished.

Notes
Turn   | Place    | Note
-------+----------+-------------------------------------------
     0 | D:1      | Giel the Hill Orc Monk began the quest for the Orb.
     0 | D:1      | Reached XP level 1. HP: 19/19 MP: 1/1
   225 | D:1      | Reached XP level 2. HP: 23/26 MP: 2/2
   623 | D:2      | Found a stormy altar of Qazlal.
   855 | D:2      | Reached XP level 3. HP: 33/33 MP: 3/3
  1228 | D:2      | Reached skill level 1 in Armour
  1236 | D:2      | Reached XP level 4. HP: 34/40 MP: 4/4
  1676 | D:3      | Noticed Robin
  1732 | D:3      | Killed Robin
  1732 | D:3      | Reached XP level 5. HP: 22/47 MP: 5/5
  2053 | D:3      | Noticed Natasha
  2054 | D:3      | Noticed Ijyb
  2056 | D:3      | Killed Natasha
  2068 | D:3      | Killed Ijyb
  2460 | D:3      | Noticed Jessica
  2464 | D:3      | Killed Jessica
  2730 | D:4      | Became a worshipper of Beogh the Brigand
  2730 | D:4      | Reached * piety under Beogh
  2730 | D:4      | Reached ** piety under Beogh
  2747 | D:4      | Reached XP level 6. HP: 48/53 MP: 6/6
  2982 | D:4      | Killed from afar by an orc priest

Skill      XL: |  1  2  3  4  5 |
---------------+----------------+-----
Fighting       | 4 |  4.8
Polearms       | 4 |  4.6
Armour         | 1 2 |  2.4
Stealth        | 2 |  2.8
Dodging        | 3 |  3.3

Action                   |  1- 3 |  4- 6 || total
-------------------------+-------+-------++-------
Melee: Spear             |   156 |    17 ||   173
       Halberd           |       |   135 ||   135
 Fire: Hunting sling     |       |    46 ||    46
Invok: Convert to Beogh  |       |     1 ||     1
  Use: Scroll            |       |     1 ||     1
       Potion            |       |     1 ||     1
  Eat: Chunk             |     1 |     3 ||     4
       Ration            |       |     1 ||     1
Armor: Chain mail        |    74 |   106 ||   180
Dodge: Dodged            |    36 |    91 ||   127
